 Dungeon Crawl Stone Soup version 0.29.1-1-gd02db6906a (webtiles) character file.

Game seed: 16873402123917288150

208 RascalDebosk the Conjurer (level 5, -2/28 HPs)
             Began as a Deep Elf Conjurer on Oct 6, 2022.
             Slain by Pikel
             ... wielding a +0 whip of flaming
              (3 damage)
             ... on level 4 of the Dungeon.
             The game lasted 00:21:42 (3688 turns).

RascalDebosk the Conjurer (Deep Elf Conjurer)       Turns: 3688, Time: 00:21:43

Health: -2/28      AC:  3    Str:  4    XL:     5   Next: 55%
Magic:  10/14      EV: 16    Int: 25    God:
Gold:   189        SH:  0    Dex: 13    Spells: 2/13 levels left

rFire   . . .      SeeInvis .   s - +1 falchion (holy)
rCold   . . .      Faith    .   (no shield)
rNeg    . . .      Spirit   .   a - +0 robe
rPois   .          Reflect  .   e - +0 helmet
rElec   .          Harm     .   (no cloak)
rCorr   .          Rampage  .   (no gloves)
Will    .....                   (no boots)
Stlth   ++........              (no amulet)
HPRegen 0.09/turn               f - +4 ring of evasion
MPRegen 0.14/turn               (no ring)

@: no status effects
A: no striking features
a: no special abilities


You were on level 4 of the Dungeon.
You visited 1 branch of the dungeon, and saw 4 of its levels.

You collected 189 gold pieces.

Inventory:

Hand Weapons
 j - a +2 dagger of flaming
 s - a +1 falchion of holy wrath (weapon)
Armour
 a - a +0 robe (worn)
 e - a +0 helmet (worn)
Jewellery
 f - a +4 ring of evasion (left hand)
Wands
 q - a wand of light (7)
Potions
 c - 2 potions of curing
 h - a potion of heal wounds
 l - 2 potions of flight
 n - 2 potions of lignification
 o - a potion of invisibility
 p - 2 potions of degeneration
 r - a potion of mutation {unknown}


   Skills:
 - Level 2.4 Dodging
 - Level 2.4 Stealth
 + Level 4.7 Spellcasting
 + Level 5.3 Conjurations
 + Level 3.3 Hexes
 + Level 2.6 Translocations


You had 2 spell levels left.
You knew the following spells:

 Your Spells              Type           Power      Damage    Failure   Level
a - Magic Dart            Conj           100%       1d8       1%          1
b - Searing Ray           Conj           64%        2d6       1%          2
c - Fulminant Prism       Conj/Hex       13%        3d9       14%         4
d - Iskenderun's Mystic   Conj/Tloc      25%        2d7       16%         4

Your spell library contained the following spells:

 Spells                   Type           Power      Damage    Failure   Level
 Summon Small Mammal      Summ           20%        N/A       9%          1
 Dazzling Flash           Conj/Hex       54%        N/A       4%          3
 Summon Guardian Golem    Hex/Summ       14%        N/A       13%         3
 Call Canine Familiar     Summ           5%         N/A       26%         3
 Anguish                  Hex/Necr       7%         N/A       38%         4
 Corpse Rot               Necr/Pois/Air  5%         N/A       63%         4
 Dispel Undead            Necr           5%         3d7       63%         4
 Death Channel            Necr           2%         N/A       100%        6
 Enfeeble                 Hex            11%        N/A       100%        7


Dungeon Overview and Level Annotations

Branches:
Dungeon (4/15)
 Temple: D:4-7

Altars:

Annotations:
D:4 Pikel


Message History

Press: ? - help, Q - select action, (/) - cycle Shift-Dir - straight line, f/p - lemure
Aim: a lemure (lightly wounded, 100% to hit)
The magic dart hits the lemure but does no damage.
The lemure is lightly wounded.
Pikel, Merchant of Souls comes into view.
He is wielding a +0 whip of flaming.
Casting: Magic Dart (safe; 1% risk of failure)
Confirm with . or Enter, or press ? or * to list all spells.
The spell is extremely dangerous to miscast (14% risk of failure)!
Continue anyway?
Aiming: Fulminant Prism (extremely dangerous; 14% risk of failure)
Press: ? - help, Dir - move target, p - lemure You miscast Fulminant Prism.
You are very lightly contaminated with residual magic.
Nothing appears to happen.
* * * LOW MAGIC WARNING * * *
Casting: Fulminant Prism (extremely dangerous; 14% risk of failure)
Confirm with . or Enter, or press ? or * to list all spells.
The spell is extremely dangerous to miscast (14% risk of failure)!
Continue anyway?
Aiming: Fulminant Prism (extremely dangerous; 14% risk of failure)
Press: ? - help, Dir - move target You conjure a prism of explosive energy!
* * * LOW MAGIC WARNING * * *
A fulminant prism comes into view.
The lemure completely misses you.
You hit the lemure but do no damage.
The lemure is lightly wounded.
The lemure misses you.
Your fulminant prism crackles loudly.
The lemure closely misses you.
Pikel hits your fulminant prism with a +0 whip of flaming!
Your fulminant prism explodes!
The blast of energy engulfs Pikel!
Pikel is moderately wounded.
You hear a shout!
Casting: Fulminant Prism (extremely dangerous; 14% risk of failure)
Confirm with . or Enter, or press ? or * to list all spells.
Aiming: Searing Ray (safe; 1% risk of failure)
Press: ? - help, Shift-Dir - straight line, f - Pikel
Aim: Pikel, wielding a +0 whip of flaming and wearing a +0 robe (moderately wounded, 76% to hit)
The searing ray misses the lemure.
The searing ray hits Pikel.
Pikel is moderately wounded. (Press . to maintain the ray.)
* * * LOW MAGIC WARNING * * *
The lemure misses you. Magic courses through your body.
A lemure comes into view.
The lemure barely misses you.
Aiming: Magic Dart (safe; 1% risk of failure)
Press: ? - help, Q - select action, (/) - cycle Shift-Dir - straight line, f/p - Pikel
Aim: Pikel, wielding a +0 whip of flaming and wearing a +0 robe (moderately wounded, 100% to hit)
The magic dart hits Pikel!
Pikel is severely wounded.
The lemure hits you.
A lemure comes into view.
Aiming: Magic Dart (safe; 1% risk of failure)
Press: ? - help, Q - select action, (/) - cycle Shift-Dir - straight line, f/p - Pikel
Aim: Pikel, wielding a +0 whip of flaming and wearing a +0 robe (severely wounded, 100% to hit)
The magic dart hits Pikel.
Pikel is severely wounded.
The lemure barely misses you. Pikel closely misses you.
Aiming: Magic Dart (safe; 1% risk of failure)
Press: ? - help, Q - select action, (/) - cycle Shift-Dir - straight line, f/p - Pikel
Aim: Pikel, wielding a +0 whip of flaming and wearing a +0 robe (severely wounded, 100% to hit)
The magic dart hits Pikel.
Pikel is severely wounded.
Pikel closely misses you. The lemure closely misses you.
Your magical contamination has completely faded away.
Aiming: Magic Dart (safe; 1% risk of failure)
Press: ? - help, Q - select action, (/) - cycle Shift-Dir - straight line, f/p - Pikel
Aim: Pikel, wielding a +0 whip of flaming and wearing a +0 robe (severely wounded, 100% to hit)
The magic dart hits Pikel but does no damage.
Pikel is severely wounded.
Pikel closely misses you. The lemure misses you.
Aiming: Magic Dart (safe; 1% risk of failure)
Press: ? - help, Q - select action, (/) - cycle Shift-Dir - straight line, f/p - Pikel
Aim: Pikel, wielding a +0 whip of flaming and wearing a +0 robe (severely wounded, 100% to hit)
The magic dart hits Pikel.
Pikel is almost dead.
Pikel hits you with a +0 whip of flaming!
Pikel burns you.
* * * LOW HITPOINT WARNING * * *
The lemure closely misses you.
You closely miss Pikel.
Pikel is almost dead.
Pikel hits you with a +0 whip of flaming.
* * * LOW HITPOINT WARNING * * *
Pikel burns you.
* * * LOW HITPOINT WARNING * * *
The lemure closely misses you.
You hit Pikel but do no damage.
Pikel is almost dead.
The lemure hits you.
* * * LOW HITPOINT WARNING * * *
Pikel hits you with a +0 whip of flaming.
* * * LOW HITPOINT WARNING * * *
Pikel burns you.
* * * LOW HITPOINT WARNING * * *
You hit Pikel.
Pikel is almost dead.
Pikel hits you with a +0 whip of flaming.
You die...

### #### #.###### #...
#......#############.##
#.####........##.KgK...
#.....@.#####.##.#.#.##
#####K5.......##.#.#.#
#5#.#........#.#<#
#5#.#.....####.#.#
#.#.#........#.#.#
..#.#(†.#.)#.#.#..
#..#.#........#.####
#..#.#......###.#.5.
...#.)....... #.#.##


You could see Pikel and 3 lemures.

Vanquished Creatures
  A lemure (D:4)
  A necrophage (D:4)
  An iguana (D:4)
  Robin (D:3)
  An adder (D:4)
  3 worms
  A dart slug (D:1)
  9 ball pythons
  6 endoplasms
  4 giant cockroaches (D:3)
  19 goblins
  10 hobgoblins
  5 jackals
  4 kobolds
  3 quokkas
  4 bats
  8 frilled lizards
  4 rats
85 creatures vanquished.

Vanquished Creatures (others)
  A fulminant prism (D:4)
1 creature vanquished.

Grand Total: 86 creatures vanquished

Notes
Turn   | Place    | Note
-------+----------+-------------------------------------------
     0 | D:1      | RascalDebosk the Deep Elf Conjurer began the quest for the
                  | Orb.
     0 | D:1      | Reached XP level 1. HP: 10/10 MP: 6/6
   232 | D:1      | Found a faded altar of an unknown god.
   270 | D:1      | Reached skill level 1 in Hexes
   270 | D:1      | Reached XP level 2. HP: 15/15 MP: 6/8
   403 | D:1      | Reached skill level 1 in Translocations
   669 | D:1      | Learned a level 2 spell: Searing Ray
   770 | D:1      | Reached XP level 3. HP: 19/19 MP: 8/10
  2156 | D:3      | Noticed Robin
  2164 | D:3      | Reached XP level 4. HP: 23/24 MP: 0/11
  2167 | D:3      | Killed Robin
  2208 | D:3      | Reached skill level 5 in Conjurations
  3351 | D:4      | Noticed a lemure
  3351 | D:4      | Noticed a lemure
  3395 | D:4      | Killed a lemure
  3475 | D:4      | Learned a level 4 spell: Fulminant Prism
  3480 | D:4      | Learned a level 4 spell: Iskenderun's Mystic Blast
  3510 | D:4      | Noticed a necrophage
  3517 | D:4      | Killed a necrophage
  3518 | D:4      | Reached XP level 5. HP: 22/28 MP: 4/13
  3672 | D:4      | Noticed Pikel
  3680 | D:4      | Noticed a lemure
  3681 | D:4      | Noticed a lemure
  3687 | D:4      | HP: 1/28 [Pikel/+0 whip of flaming (1)]
  3688 | D:4      | Slain by Pikel

Illustrated notes

Levels and vault maps discovered:
D:1:      minmay_arrival_radiant_lines, layout_loops_ring,
          shapermc_ecumenical_altar_flowoftime, minmay_misc_feat_encased
D:2:      layout_basic
D:3:      layout_basic, skrybe_limestone_x, uniq_robin
D:4:      layout_basic, minmay_temple_entry_poolview, uniq_pikel, uniq_grinder

Skill      XL: |  1  2  3  4 |
---------------+-------------+-----
Hexes          | 1 2 3 |  3.3
Translocations | 1 2 |  2.6
Spellcasting   | 4 |  4.7
Conjurations   | 5 |  5.3
Dodging        | |  2.4
Stealth        | |  2.4

Action                   |  1- 3 |  4- 6 || total
-------------------------+-------+-------++-------
Melee: Dagger            |       |    33 ||    33
       Falchion          |       |     8 ||     8
 Cast: Magic Dart        |    85 |    46 ||   131
       Searing Ray       |     2 |     4 ||     6
       Iskenderun's Myst |       |     1 ||     1
       Fulminant Prism   |       |     1 ||     1
  Use: Scroll            |       |    10 ||    10
       Potion            |       |     1 ||     1
 Stab: Sleeping          |       |     1 ||     1
Armor: Robe              |     4 |     4 ||     8
Dodge: Dodged            |     8 |    36 ||    44
